 Dungeon Crawl Stone Soup version 0.22.0 (webtiles) character file.

140 HaroldButt the Cudgeler (level 5, -1/32 HPs)
             Began as a Kobold Berserker on Aug 11, 2018.
             Was a Believer of Trog.
             Slain by an orc wizard
             ... wielding a +0 dagger
              (3 damage)
             ... on level 3 of the Dungeon.
             The game lasted 00:05:44 (1688 turns).

HaroldButt the Cudgeler (Kobold Berserker)          Turns: 1688, Time: 00:05:46

Health: -1/32      AC:  6    Str: 16    XL:     5   Next: 47%
Magic:  5/5        EV: 16    Int:  8    God:    Trog [**....]
Gold:   107        SH:  0    Dex: 14    Spells: 4/4 levels left

rFire    . . .     SeeInvis .   f - +0 flail
rCold    . . .     Gourm    .   (shield restricted)
rNeg     . . .     Faith    .   h - +0 ring mail
rPois    .         Spirit   .   (no helmet)
rElec    .         Reflect  .   (no cloak)
rCorr    .         Harm     .   o - +0 pair of gloves
MR       .....                  (no boots)
Stlth    +.........             (no amulet)
HPRegen  0.10/turn              (no ring)
MPRegen  0.09/turn              n - +2 ring of evasion

@: berserk cooldown, slowed, very slow
A: small, carnivore
a: Berserk, Trog's Hand, Renounce Religion


You were on level 3 of the Dungeon.
You worshipped Trog.
Trog was pleased with you.
You were very full.

You visited 1 branch of the dungeon, and saw 3 of its levels.

You collected 107 gold pieces.


Innate Abilities, Weirdness & Mutations

You are small and have problems with some larger weapons.
You are carnivorous and can eat meat at any time.


   Skills:
 - Level 3.2 Fighting
 + Level 5.2 Maces & Flails
 - Level 1.5 Armour
 - Level 2.4 Dodging


You had 4 spell levels left.
You didn't know any spells.
Your spell library was empty.

Inventory:

Hand Weapons
 f - a +0 flail (weapon)
Armour
 d - a +0 buckler
 h - a +0 ring mail (worn)
 o - a +0 pair of gloves (worn)
Jewellery
 n - a +2 ring of evasion (right hand)
Scrolls
 b - a scroll of remove curse
 i - a scroll of teleportation {@r4}
Potions
 a - a potion of cancellation {unknown}
 e - 3 potions of haste {unknown}
 g - a potion of lignification {unknown}
 l - a potion of curing {unknown}
 m - a potion of heal wounds {unknown}
Comestibles
 c - 4 rations

Dungeon Overview and Level Annotations

Branches:
Dungeon (3/15)

Altars:
Elyvilon ....... ▒..... ▒.... ▒w.. ▒nb

▒o▒ ▒K▒
▒o▒
▒K▒▒▒▒▒▒▒▒
▒.o[.....▒
▒
▒▒▒▒▒▒▒▒.▒
▒ ▒.▒ ▒
▒.▒ ▒ ▒▒▒
▒.▒ ▒ ..▒
▒.▒ ▒ ▒.▒
▒.▒ ▒ ▒.▒
▒.▒ ▒▒▒▒▒▒


You could see a necrophage, a worm, an orc wizard, 2 orcs, a bat and a kobold.


Message History

Trog accepts your kill.
An orc priest comes into view. It is wielding a mace.
The orc throws a tomahawk.
The tomahawk hits you but does no damage.
The orc barely misses you.
The orc priest shouts!
The orc priest calls down the wrath of Beogh upon you.
Beogh smites you!
* * * LOW HITPOINT WARNING * * *
The orc priest miscasts a cantrip.
The orc hits you but does no damage.
The orc wizard mumbles some strange words.
The orc wizard blinks!
Things that are here:
a dagger a robe You thump the orc wizard!
The orc wizard is heavily wounded.
The orc misses you.
The orc wizard hits you but does no damage.
The orc completely misses you.
You barely miss the orc wizard.
The orc wizard is heavily wounded.
The orc priest mumbles some strange prayers to Beogh against you.
Beogh smites you!
* * * LOW HITPOINT WARNING * * *
The orc wizard barely misses you. The orc barely misses you.
The orc wizard hits you with a dagger.
You die...

Action                   |  1- 3 |  4- 6 || total
-------------------------+-------+-------++-------
Melee: Mace              |    74 |    11 ||    85
       Flail             |       |    18 ||    18
Invok: Berserk           |     3 |     1 ||     4
  Use: Scroll            |       |     6 ||     6
  Eat: Chunk             |    12 |     2 ||    14
Armor: Animal skin       |     9 |       ||     9
       Ring mail         |    11 |     8 ||    19
Dodge: Dodged            |    65 |    17 ||    82

Vault maps used:
D:1:      dpeg_arrival_lava_altar, nrook_uturn
D:3:      lemuel_doored_altar, first_ration

Notes
Turn   | Place    | Note
-------+----------+-------------------------------------------
     0 | D:1      | HaroldButt the Kobold Berserker began the quest for the Orb.
     0 | D:1      | Reached XP level 1. HP: 14/14 MP: 1/1
    67 | D:1      | Reached skill level 3 in Maces & Flails
    67 | D:1      | Reached XP level 2. HP: 19/19 MP: 2/2
   789 | D:1      | Reached XP level 3. HP: 23/23 MP: 3/3
   838 | D:1      | Found a white marble altar of Elyvilon.
  1142 | D:2      | Reached skill level 4 in Maces & Flails
  1474 | D:3      | Reached XP level 4. HP: 28/28 MP: 4/4
  1668 | D:3      | Reached ** piety under Trog
  1673 | D:3      | Reached XP level 5. HP: 32/32 MP: 5/5
  1678 | D:3      | Noticed a necrophage
  1680 | D:3      | Reached skill level 5 in Maces & Flails
  1688 | D:3      | HP: 2/32 [orc priest/divine providence (11)]
  1688 | D:3      | Slain by an orc wizard

Vanquished Creatures
  An orc priest (D:3)
  An orc wizard (D:3)
  A hound skeleton (D:3)
  3 adders
  An ooze (D:1)
  2 dart slugs
  5 orcs (D:3)
  A ball python (D:3)
  5 bats
  2 giant cockroaches (D:1)
  3 goblins (D:2)
  6 hobgoblins
  2 kobolds
  A frilled lizard (D:1)
  3 rats (D:1)
37 creatures vanquished.
